 Dungeon Crawl Stone Soup version 0.30-a0-782-ge64f9170bb (webtiles) character file.

Game seed: 4435783660671993650

147 Jane the Cutter (level 5, -1/44 HPs)
             Began as a Ghoul Gladiator on Feb 24, 2023.
             Was a High Priest of Ignis.
             Slain by a ball python (3 damage)
             ... on level 4 of the Dungeon.
             The game lasted 00:14:00 (3251 turns).

Jane the Cutter (Ghoul Gladiator)                   Turns: 3251, Time: 00:14:01

Health: -1/44      AC:  7    Str: 23 (24) XL:     5   Next: 29%
Magic:  4/4        EV: 11    Int:  2 (3)  God:    Ignis [*****.]
Gold:   131        SH:  0    Dex: 12      Spells: 4/4 levels left

rFire   + . .      SeeInvis .    a - +0 rapier
rCold   + . .      Faith    .    m - orb {guile}
rNeg    + + +      Spirit   .    l - +0 scale mail
rPois   ∞          Reflect  .    c - +0 helmet
rElec   .          Harm     .    (no cloak)
rCorr   .          Rampage  .    (no gloves)
Will    .....                    (no boots) Stlth
                                 (no amulet)
HPRegen 0.00/turn                g - +6 ring of strength
MPRegen 0.09/turn                (no ring)

@: inhibited regen
A: claws 1, cold resistance 1, negative energy resistance 3, inhibited
regeneration, torment resistance 2, devour on kill
a: Renounce Religion, Fiery Armour, Foxfire Swarm, Rising Flame


You were on level 4 of the Dungeon.
You worshipped Ignis.
Ignis was extremely pleased with you.
You visited 1 branch of the dungeon, and saw 5 of its levels.

You collected 131 gold pieces.

Inventory:

Hand Weapons
 a - a +0 rapier (weapon)
Missiles
 d - 3 throwing nets (quivered)
 e - a javelin
Armour
 b - a +0 plate armour
 c - a +0 helmet (worn)
 l - a +0 scale mail (worn)
 m - an orb of guile (worn)
Jewellery
 f - an amulet of faith
 g - a +6 ring of strength (left claw)
Scrolls
 j - 2 scrolls of identify
 n - 2 scrolls of immolation
Potions
 h - a potion of magic
 i - 2 potions of mutation
 k - a potion of berserk rage
 o - a potion of invisibility


   Skills:
 + Level 2.8 Fighting
 + Level 3.9 Short Blades
 - Level 1.7 Throwing
 + Level 2.0 Armour
 + Level 3.3 Dodging
 + Level 0.6 Stealth


You had 4 spell levels left.
You didn't know any spells.
Your spell library was empty.

Dungeon Overview and Level Annotations

Branches:
Dungeon (5/15)
 Temple: D:4-7

Altars:
Cheibriados
Ignis


Innate Abilities, Weirdness & Mutations

You are immune to poison.
You have sharp fingernails.
Your flesh is cold resistant. (rC+)
You are immune to negative energy. (rN+++)
You do not regenerate when monsters are visible.
You are immune to unholy pain and torment.
You thrive by killing the living.


Message History

The hobgoblin is severely wounded.
The ball python bites you but does no damage.
The ball python constricts you. The endoplasm freezes you.
You are frozen.
You resist. The hobgoblin barely misses you.
You completely miss the hobgoblin.
The hobgoblin is severely wounded.
The ball python barely misses you. The ball python constricts you.
The endoplasm freezes you.
You are frozen.
You resist. The hobgoblin hits you.
You escape the ball python's grasp.
The endoplasm freezes you.
You are frozen.
You resist. The hobgoblin attacks as you move away!
The hobgoblin closely misses you.
The ball python attacks as you move away!
The ball python barely misses you. The endoplasm attacks as you move away!
The endoplasm closely misses you. The hobgoblin attacks as you move away!
The hobgoblin closely misses you. The ball python bites you.
* * * LOW HITPOINT WARNING * * *
The ball python grabs you. The ball python constricts you.
* * * LOW HITPOINT WARNING * * *
The endoplasm hits you but does no damage.
You escape the ball python's grasp.
The hobgoblin attacks as you move away!
The hobgoblin hits you but does no damage.
The hound barely misses you. The endoplasm freezes you.
You are frozen.
You resist.
* * * LOW HITPOINT WARNING * * *
The hobgoblin attacks as you move away!
The hobgoblin hits you but does no damage.
The hound bites you.
* * * LOW HITPOINT WARNING * * *
The hound bites you.
* * * LOW HITPOINT WARNING * * *
The hobgoblin attacks as you move away!
The hobgoblin hits you but does no damage.
The ball python attacks as you move away!
The ball python bites you.
You die...

........?..... ..........#..
##............# #...#§
##............... #..§.§§
#.._........# #.. ...§.# ..
###.:.........###.. ..#.. ...
#.##............(..##...#
...###........>g......(.....##...
....#.....#...JS@.>...#<.........
.........##....h....####.J## .#
#....##....####..## #ghS#.##
#.........#####...###.!....# .
####........#.........(..###
..#####......................#
....................##.........#
..................).#..........#
........>##......................


You could see a hound, an endoplasm, a hobgoblin and a ball python.

Vanquished Creatures
  A phantom (D:1)
  3 adders
  An ufetubus (D:4)
  A dart slug (D:1)
  4 orcs (D:3)
  3 ball pythons
  2 bats (D:1)
  4 endoplasms
  2 giant cockroaches
  2 goblins
  3 hobgoblins
  2 quokkas
  3 frilled lizards
  2 kobolds
  A rat (D:1)
34 creatures vanquished.

Notes
Turn   | Place    | Note
-------+----------+-------------------------------------------
     0 | D:1      | Jane the Ghoul Gladiator began the quest for the Orb.
     0 | D:1      | Reached XP level 1. HP: 17/17 MP: 0/0
   154 | D:1      | Found a faded altar of an unknown god.
   161 | D:1      | Prayed at the altar of an unknown god.
   161 | D:1      | Became a worshipper of Ignis, the Dying Flame
   187 | D:1      | Reached XP level 2. HP: 25/25 MP: 1/1
  1073 | D:2      | Reached XP level 3. HP: 27/30 MP: 2/2
  1951 | D:3      | Noticed a phantom
  2017 | D:1      | Killed a phantom
  2018 | D:1      | Reached skill level 1 in Armour
  2018 | D:1      | Reached XP level 4. HP: 4/37 MP: 3/3
  2352 | D:3      | Reached XP level 5. HP: 44/44 MP: 4/4
  2973 | D:4      | Found a snail-covered altar of Cheibriados.
  2981 | D:5      | Entered Level 5 of the Dungeon
  3216 | D:5      | Noticed a centaur
  3249 | D:4      | HP: 2/44 [hound (5)]
  3251 | D:4      | Slain by a ball python

Illustrated notes

Levels and vault maps discovered:
D:1:      roderic_chinese_lattice_arrival, layout_basic,
          dilly_ecumenical_altar_fadedgnrine, serial_forest,
          infiniplex_forest_straight_5, infiniplex_forest_straight_2,
          infiniplex_forest_straight_3, infiniplex_forest_corner_1,
          infiniplex_forest_zigzag_1, infiniplex_forest_clump_curved,
          infiniplex_forest_end_1
D:2:      layout_loops_ring
D:3:      layout_basic
D:4:      layout_cave_pools, cheibriados_altar_1,
          grunt_dithmenos_smoke_and_mirrors
D:5:      layout_loops_ring, serial_shops, nicolae_shop_crystal,
          minmay_hedge_maze, minmay_misc_feat_four_crosses,
          small_statue_intersection, chequers_serial_rivers_micro_d,
          grunt_ministairs_2, corner_web_ring, nrook_pool_corridor,
          kennysheep_pointless_box, uniq_crazy_yiuf_cottage, uniq_eustachio

Skill      XL: |  1  2  3  4  5 |
---------------+----------------+-----
Dodging        | 3 |  3.3
Short Blades   | 3 |  3.9
Armour         | 1 2 |  2.0
Fighting       | |  2.8
Throwing       | |  1.7
Stealth        | |  0.6

Action                     |  1- 3 |  4- 6 || total
---------------------------+-------+-------++-------
  Melee: Rapier            |   107 |   193 ||   300
    Use: Potion            |    10 |     2 ||    12
         Scroll            |     5 |     3 ||     8
 Armour: Leather armour    |    18 |       ||    18
         Scale mail        |    20 |    74 ||    94
  Dodge: Dodged            |    73 |    92 ||   165

Table legend: (Time is in decaauts)
 A = Elapsed time spent in this place.
 B = Non-inter-level travel time spent in this place.
 C = Inter-level travel time spent in this place.
 D = Time resting spent in this place.
 E = Time spent auto-exploring this place.
 F = Levels seen in this place.
 G = Mean time per level.
                   A        B        C        D        E       F      G
               +--------+--------+--------+--------+--------+-----+--------+
         Total |   3238 |   2969 |    269 |    544 |   1300 |   5 |  647.6 |
       Dungeon |   3238 |   2969 |    269 |    544 |   1300 |   5 |  647.6 |
               +--------+--------+--------+--------+--------+-----+--------+

Top non-repeatable levels by time:
     D:2: 1160 daAuts
     D:1: 842 daAuts
     D:3: 835 daAuts
     D:5: 252 daAuts
     D:4: 147 daAuts
